 Dungeon Crawl Stone Soup version 0.27-a0-1154-gfdeffcb720 (webtiles) character file.

Game seed: 13106225985116587390

609 corgi the Magician (level 7, -10/50 HPs)
             Began as a Djinni Necromancer on May 10, 2021.
             Mangled by Duvessa
             ... wielding a +0 short sword
              (14 damage)
             ... on level 5 of the Dungeon on May 14, 2021.
             The game lasted 00:25:03 (5692 turns).

corgi the Magician (Djinni Necromancer)             Turns: 5692, Time: 00:25:04

Health: -10/50     AC:  7    Str:  7    XL:     7   Next: 71%
Gold:   151        EV: 13    Int: 19    God:
                   SH:  0    Dex: 13

rFire    + + .     SeeInvis .   h - +2 dagger (protect)
rCold    x . .     Faith    .   (no shield)
rNeg     . . .     Spirit   .   a - +0 robe
rPois    ∞         Reflect  .   g - +1 helmet
rElec    .         Harm     .   (no cloak)
rCorr    .         Rampage  .   i - +2 pair of gloves
Will     .....                  (boots unavailable)
Stlth    ++........             (no amulet)
HPRegen  0.16/turn              (no ring)
MPRegen  0.00/turn              (no ring)

@: flying
A: sickness immunity, fire resistance 2, cold vulnerability 1, float, innate
caster, hp casting, extra vitality 1
a: no special abilities


You were on level 5 of the Dungeon.
You visited 1 branch of the dungeon, and saw 5 of its levels.

You collected 151 gold pieces.

Inventory:

Hand Weapons
 h - a +2 dagger of protection (weapon)
Armour
 a - a +0 robe (worn)
 g - a +1 helmet (worn)
 i - a +2 pair of gloves (worn)
 j - a +0 kite shield
Magical Staves
 b - a staff of air
Wands
 d - a wand of flame (18)
Scrolls
 c - 5 scrolls of identify
 e - a scroll of magic mapping


   Skills:
 + Level 3.1 Fighting
 + Level 4.2 Dodging
 + Level 3.4 Stealth
 * Level 5.0 Spellcasting


You couldn't memorise any spells.
You knew the following spells:

 Your Spells              Type           Power      Damage    Failure   Level
a - Pain                  Necr           96%        1d8       1%          1
b - Animate Skeleton      Necr           48%        N/A       1%          1
c - Vampiric Draining     Necr           12%        2d7       4%          3
d - Animate Dead          Necr           12%        N/A       16%         4
e - Agony                 Necr           24%        N/A       38%         5
f - Shock                 Conj/Air       96%        1d9       1%          1
g - Wereblood             Tmut           24%        N/A       2%          2
h - Confusing Touch       Hex            24%        N/A       4%          3
Your spell library was empty.

Dungeon Overview and Level Annotations

Branches:
Dungeon (5/15)
 Temple: D:4-7

Altars:
Gozag
Qazlal

Annotations:
D:5 Duvessa


Innate Abilities, Weirdness & Mutations

You are immune to sickness and miasma.
You are immune to poison.
Your flesh is very heat resistant. (rF++)
You are vulnerable to cold. (rC-)
You float through the air rather than walking.
You learn spells naturally, not from books.
Your magical power is your life essence.
You have superior vitality. (+4 HP)


Message History

Casting: Vampiric Draining (dangerous; 4% risk of failure)
Confirm with . or Enter, or press ? or * to list all spells.
Aiming: Vampiric Draining (dangerous; 4% risk of failure)
Press: ? - help, Shift-Dir - straight line, f/p - Dowan
Aim: Dowan, wielding a +0 dagger and wearing a +0 robe (almost dead)
You draw life force from Dowan.
You kill Dowan!
Duvessa screams, "No!
How DARE you!"
Duvessa goes berserk!
You feel life coursing into your body.
Casting: Vampiric Draining (dangerous; 4% risk of failure)
Confirm with . or Enter, or press ? or * to list all spells.
Aiming: Vampiric Draining (dangerous; 4% risk of failure)
Press: ? - help, Shift-Dir - straight line, f - Duvessa
Aim: Duvessa, wielding a +0 short sword and wearing a +0 scale mail of willpower (berserk, fast, confused)
You draw life force from Duvessa!
You feel life coursing into your body.
Casting: Vampiric Draining (dangerous; 4% risk of failure)
Confirm with . or Enter, or press ? or * to list all spells.
Aiming: Vampiric Draining (dangerous; 4% risk of failure)
Press: ? - help, Shift-Dir - straight line, f/p - Duvessa
Aim: Duvessa, wielding a +0 short sword and wearing a +0 scale mail of willpower (lightly wounded, berserk, fast, confused)
You draw life force from Duvessa!
You feel life coursing into your body. Duvessa closely misses you.
Duvessa barely misses you.
Casting: Vampiric Draining (dangerous; 4% risk of failure)
Confirm with . or Enter, or press ? or * to list all spells.
Aiming: Vampiric Draining (dangerous; 4% risk of failure)
Press: ? - help, Shift-Dir - straight line, f/p - Duvessa
Aim: Duvessa, wielding a +0 short sword and wearing a +0 scale mail of willpower (moderately wounded, berserk, fast, confused)
You draw life force from Duvessa!
You feel life coursing into your body.
Duvessa seems less confused.
Duvessa hits you with a +0 short sword!!
* * * LOW HITPOINT WARNING * * *
Casting: Vampiric Draining (dangerous; 4% risk of failure)
Confirm with . or Enter, or press ? or * to list all spells.
Aiming: Vampiric Draining (dangerous; 4% risk of failure)
Press: ? - help, Shift-Dir - straight line, f/p - Duvessa
Aim: Duvessa, wielding a +0 short sword and wearing a +0 scale mail of willpower (heavily wounded, berserk, fast)
You draw life force from Duvessa!
You feel life coursing into your body.
* * * LOW HITPOINT WARNING * * *
Duvessa hits you with a +0 short sword!
You die...

#.##.##........## *,
######)##.##........#*********,
#.....†.#.##........#,,,,,,,,*,
#....[..#'######'##.#,**,,,,,,,
#...........# #.##(#,**,,,,,,,
#........[..# #)##.#,,,,,,,,,,
#...........# #.##.#***,,,,,,,
#.......#.######.##..,,,,,,,,,,
#..>.........e@..#*##***,,,,,,,
#########.#####..# *,,,,,*,
#.#,,,#..# *,*****, *.#,**#..#
*,* *, *,*,,,#..# *,* *,
*,***,#..# *,* *, *,* *,...#
*,* *, *,* **#..# *****,*****,
*,* *,** *,,,,,,,,,,,


You could see Duvessa (berserk, fast).

Vanquished Creatures
  2 centaurs
  A scorpion (D:4)
  Dowan (D:5)
  A hound (D:5)
  An orc priest (D:3)
  Terence (D:3)
  Jessica (D:3)
  An orc wizard (D:4)
  Robin (D:1)
  2 gnolls (D:4)
  5 adders
  3 worms
  2 dart slugs (D:3)
  8 orcs
  6 endoplasms
  15 giant cockroaches
  15 goblins
  7 hobgoblins
  6 jackals (D:1)
  5 kobolds
  2 quokkas
  2 ball pythons
  9 bats
  5 frilled lizards
  6 rats
108 creatures vanquished.

Vanquished Creatures (collateral kills)
  A dart slug (D:1)
1 creature vanquished.

Grand Total: 109 creatures vanquished

Notes
Turn   | Place    | Note
-------+----------+-------------------------------------------
     0 | D:1      | corgi the Djinni Necromancer began the quest for the Orb.
     0 | D:1      | Reached XP level 1. HP: 15/15 MP: 0/0
   540 | D:1      | Reached XP level 2. HP: 13/22 MP: 0/0
  1296 | D:1      | Reached XP level 3. HP: 10/26 MP: 0/0
  1296 | D:1      | Learned a level 1 spell: Shock
  1717 | D:1      | Reached skill level 4 in Spellcasting
  1890 | D:1      | Reached skill level 1 in Fighting
  2191 | D:2      | Noticed Robin
  2675 | D:1      | Reduced skill Spellcasting to level 3
  2675 | D:1      | Upgraded the game from 0.27-a0-1144-g0b7d3b79db to
                  | 0.27-a0-1154-gfdeffcb720
  2675 | D:1      | Reached XP level 4. HP: 32/32 MP: 0/0
  2831 | D:1      | Killed Robin
  3278 | D:2      | Reached XP level 5. HP: 32/37 MP: 0/0
  3278 | D:2      | Learned a level 2 spell: Wereblood
  3425 | D:2      | Found an opulent altar of Gozag.
  3438 | D:2      | Reached skill level 4 in Spellcasting
  3866 | D:3      | Noticed Jessica
  3870 | D:3      | Killed Jessica
  4402 | D:3      | Noticed Terence
  4415 | D:3      | Killed Terence
  4416 | D:3      | Reached XP level 6. HP: 28/43 MP: 0/0
  4697 | D:3      | Found a stormy altar of Qazlal.
  5271 | D:4      | Reached XP level 7. HP: 46/49 MP: 0/0
  5271 | D:4      | Learned a level 3 spell: Confusing Touch
  5372 | D:5      | Entered Level 5 of the Dungeon
  5501 | D:5      | Reached skill level 5 in Spellcasting
  5667 | D:5      | Noticed Dowan
  5668 | D:5      | Noticed Duvessa
  5685 | D:5      | Killed Dowan
  5692 | D:5      | Mangled by Duvessa

Illustrated notes

Levels and vault maps discovered:
D:1:      dpeg_arrival_arbitrary_a, layout_loops_ring
D:2:      minmay_roachtagon, layout_rooms, basic_altar, uniq_robin
D:3:      cheibrodos_helix_gallery, layout_basic, grunt_qazlal_clouds,
          serial_corexii_hall, chequers_hall_statues_corner_a,
          chequers_hall_statues_corner_a, uniq_terence, uniq_jessica
D:4:      layout_gridville, grunt_decor_junction, dk_noncrumbling_4,
          kennysheep_boxes
D:5:      layout_basic, serial_shops, shop, uniq_duvessa

Skill      XL: |  1  2  3  4  5  6  7 |
---------------+----------------------+-----
Spellcasting   | 3 4 5 |  5.0
Fighting       | 1 2 3 |  3.1
Stealth        | 2 3 |  3.4
Dodging        | 3 4 |  4.2

Action                   |  1- 3 |  4- 6 |  7- 9 || total
-------------------------+-------+-------+-------++-------
Melee: Staff             |     5 |       |       ||     5
       Dagger            |       |     5 |    10 ||    15
 Cast: Pain              |    40 |     6 |       ||    46
       Animate Skeleton  |    13 |       |       ||    13
       Shock             |    26 |   125 |    17 ||   168
       Vampiric Draining |       |     6 |     7 ||    13
       Wereblood         |       |     1 |       ||     1
       Confusing Touch   |       |       |     2 ||     2
  Use: Scroll            |       |     4 |     3 ||     7
       Potion            |       |     1 |     1 ||     2
 Stab: Sleeping          |       |     2 |       ||     2
Armor: Robe              |    11 |    11 |     7 ||    29
Dodge: Dodged            |    21 |    20 |    15 ||    56

Table legend: (Time is in decaauts)
 A = Elapsed time spent in this place.
 B = Non-inter-level travel time spent in this place.
 C = Inter-level travel time spent in this place.
 D = Time resting spent in this place.
 E = Time spent auto-exploring this place.
 F = Levels seen in this place.
 G = Mean time per level.
                   A        B        C        D        E       F      G
               +--------+--------+--------+--------+--------+-----+--------+
         Total |   5708 |   5520 |    188 |   3027 |    716 |   5 | 1141.6 |
       Dungeon |   5708 |   5520 |    188 |   3027 |    716 |   5 | 1141.6 |
               +--------+--------+--------+--------+--------+-----+--------+

Top non-repeatable levels by time:
     D:1: 2766 daAuts
     D:3: 1220 daAuts
     D:2: 948 daAuts
     D:4: 453 daAuts
     D:5: 319 daAuts
